 Dungeon Crawl Stone Soup version 0.29-a0-824-gd827844252 (webtiles) character file.

Game seed: 9035593395037781314

901 buhh the Insei (level 8, 0/54 HPs)
             Began as an Octopode Transmuter on July 9, 2022.
             Slain by Pikel
             ... wielding a +0 whip of flaming
              (3 damage)
             ... on level 7 of the Dungeon.
             The game lasted 00:06:00 (7466 turns).

buhh the Insei (Octopode Transmuter)                Turns: 7466, Time: 00:06:00

Health: 0/54       AC: -2    Str: 10    XL:     8   Next: 7%
Magic:  8/11       EV: 22    Int: 17    God:
Gold:   468        SH:  0    Dex: 17    Spells: 1/11 levels left

rFire   . . .      SeeInvis .     - Unarmed
rCold   + . .      Faith    .   (shield currently unavailable)
rNeg    . . .      Spirit   .   (helmet currently unavailable)
rPois   x          Reflect  .   (no amulet)
rElec   .          Harm     .   i - ring of protection from cold
rCorr   .          Rampage  .   z - ring of wizardry
Will    .....                   (no ring)
Stlth   ++........              (no ring)
HPRegen 0.18/turn               (no ring)
MPRegen 0.12/turn               (no ring)
                                (no ring)
                                (no ring)

@: spider-form, corroded
A: venomous fangs, almost no armour, (amphibious), 8 rings, tiny, (camouflage
1), (gelatinous body 1), (nimble swimmer 1), (tentacles)
a: End Transformation


You were on level 7 of the Dungeon.
You were a venomous arachnid creature.
You visited 1 branch of the dungeon, and saw 7 of its levels.

You collected 468 gold pieces.

Inventory:

Missiles
 w - 15 poisoned darts
Jewellery
 i - a ring of protection from cold (left front leg)
 y - an amulet of faith
 z - a ring of wizardry (right front leg)
Wands
 r - a wand of flame (22)
 x - a wand of mindburst (6)
Scrolls
 d - 2 scrolls of poison
 e - 3 scrolls of immolation {!d}
 g - 3 scrolls of teleportation {!d}
 h - 2 scrolls of vulnerability
Potions
 a - a potion of flight {unknown}
 b - a potion of haste {unknown}
 f - 5 potions of might {unknown}
 j - 5 potions of curing {unknown}
 l - 2 potions of ambrosia {unknown}
 m - 3 potions of brilliance {unknown}
 n - 3 potions of heal wounds {unknown}
 q - a potion of degeneration {unknown}
 s - 2 potions of mutation {unknown}
 t - a potion of attraction {unknown}
 u - a potion of berserk rage {unknown}


   Skills:
 + Level 4.9 Fighting
 + Level 5.2 Dodging
 - Level 2.0 Stealth
 + Level 5.6 Unarmed Combat
 - Level 2.0 Spellcasting
 + Level 2.1 Transmutations
 + Level 0.3 Ice Magic
 - Level 2.0 Poison Magic


You had one spell level left.
You knew the following spells:

 Your Spells              Type           Power      Damage    Failure   Level
a - Beastly Appendage     Tmut           16%        N/A       9%          1
b - Wereblood             Tmut           8%         N/A       12%         2
c - Spider Form           Tmut/Pois      8%         N/A       21%         3
d - Ice Form              Ice/Tmut       5%         N/A       58%         4

Your spell library contained the following spells:

 Spells                   Type           Power      Damage    Failure   Level
 Summon Small Mammal      Summ           4%         N/A       16%         1
 Scorch                   Fire           2%         2d5       22%         2
 Sublimation of Blood     Necr           1%         N/A       22%         2
 Call Canine Familiar     Summ           1%         N/A       38%         3
 Summon Guardian Golem    Hex/Summ       1%         N/A       38%         3
 Flame Wave               Conj/Fire      1%         2d4       71%         4
 Dispersal                Tloc           0%         N/A       100%        6
 Summon Cactus Giant      Summ           0%         N/A       100%        6
 Summon Hydra             Summ           0%         N/A       100%        7
 Disjunction              Tloc           0%         N/A       100%        8


Dungeon Overview and Level Annotations

Branches:
Dungeon (7/15) Zot: 26351
 Temple: D:4-7

Altars:
Nemelex Xobeh
Trog
Xom

Shops:
D:6 *

Annotations:
D:4 Grinder
D:6 exclusion: 2 killer bees
D:7 Pikel


Innate Abilities, Weirdness & Mutations

You are a venomous arachnid creature.
You have poisonous fangs.
You are tiny and dextrous.
Your spellcasting is less reliable in this form.
Your armour is entirely melded.
You are incapable of wielding weapons or throwing items.
You cannot wear most types of armour.
((You are amphibious.))
You can wear up to eight rings at the same time.
((Your skin changes colour to match your surroundings (Stealth+).))
((Your rubbery body absorbs attacks. (AC +1, EV +1)))
((You are camouflaged when in or above water. (Stealth+)))
((You have tentacles for arms and can constrict up to eight enemies at once.))


Message History

k - a scroll of summoning
As you read the scroll labelled RIKIUCLU FIUDUN, it crumbles to dust.
You hear a loud clanging noise!
It was a scroll of noise.
As you read the scroll labelled MOIDDIX NIAQ, it crumbles to dust.
It is a scroll of enchant weapon.
You aren't carrying any weapons that can be enchanted.
As you read the scroll labelled ZOCVANLEMP, it crumbles to dust.
The scroll dissolves into smoke.
It was a scroll of fog.
Okay, then.
Okay, then.
There is a stone staircase leading down here.
Things that are here:
a +0 robe; a +0 whip; a +0 spear Partly explored, can't reach some places.
Partly explored, can't reach some places.
Partly explored, can't reach some places.
Things that are here:
a +0 robe; a +0 whip; a +0 spear
There is a stone staircase leading down here.
You turn into a venomous arachnid creature.
You climb downwards.
Level annotation: Pikel Pikel hits you with a +0 whip of flaming!
Pikel burns you.
There is a stone staircase leading up, spattered with blood here.
You hit Pikel.
Pikel is poisoned.
Pikel is lightly wounded.
Pikel zaps a wand.
The bolt of acid hits you!! The acid corrodes you!
As you read the scroll of summoning, it crumbles to dust.
Wisps of shadow whirl around you... Pikel completely misses you.
Pikel attacks as you move away!
Pikel hits you with a +0 whip of flaming!
* * * LOW HITPOINT WARNING * * *
Pikel burns you.
* * * LOW HITPOINT WARNING * * *
Your kobold barely misses Pikel.
You swap places.
Pikel attacks as you move away!
Pikel hits you with a +0 whip of flaming.
You die...

#.## ##.# #.........
##.###..###.#######.
##.#.#.....#######
##......5.......#
#..###########.#
#..# #.# ##K5# #.#
#.K.# #....... #s#.#
#.###5## #)#5# ...
#K#.# .## #.#.#
..#⌠# #K#.#####.#.
..###
#.#.......K.K.....
#.#####..5.. #.# .#.
#.#


You could see Pikel (very poisoned, ally target), a friendly kobold brigand
(summoned), a friendly white imp (summoned) and 3 friendly kobolds.

Vanquished Creatures
  3 ogres
  3 lemures
  A kobold brigand (D:6)
  A scorpion (D:6)
  A howler monkey (D:5)
  A jelly (D:6)
  A gnoll bouda (D:6)
  5 hounds
  2 iguanas
  3 gnolls
  11 adders
  A shadow imp (D:6)
  A white imp (D:6)
  2 dart slugs
  9 orcs
  4 bats
  5 endoplasms
  2 giant cockroaches (D:1)
  10 goblins
  12 hobgoblins
  A quokka (D:5)
  8 ball pythons
  4 frilled lizards
  16 kobolds
  4 rats
111 creatures vanquished.

Vanquished Creatures (others)
  6 plants (D:4)
6 creatures vanquished.

Grand Total: 117 creatures vanquished

Notes
Turn   | Place    | Note
-------+----------+-------------------------------------------
     0 | D:1      | buhh the Octopode Transmuter began the quest for the Orb.
     0 | D:1      | Reached XP level 1. HP: 13/13 MP: 3/3
   342 | D:1      | Reached XP level 2. HP: 9/18 MP: 5/5
   924 | D:1      | Reached XP level 3. HP: 23/23 MP: 4/6
   945 | D:1      | Found a faded altar of an unknown god.
  1700 | D:2      | Learned a level 2 spell: Wereblood
  1857 | D:2      | Found a bloodstained altar of Trog.
  1872 | D:2      | Reached XP level 4. HP: 29/29 MP: 5/7
  2600 | D:3      | Identified the +1 scale mail "Umosa" {-Cast Rampage rC+
                  | Will+}
  3579 | D:4      | Noticed Grinder
  3612 | D:4      | Reached XP level 5. HP: 35/35 MP: 6/8
  4569 | D:5      | Entered Level 5 of the Dungeon
  4652 | D:5      | Reached XP level 6. HP: 30/42 MP: 7/9
  5355 | D:5      | Found a shimmering altar of Xom.
  5368 | D:5      | Found a sparkling altar of Nemelex Xobeh.
  5438 | D:5      | Learned a level 3 spell: Spider Form
  5669 | D:5      | Reached XP level 7. HP: 44/47 MP: 8/10
  5897 | D:6      | Reached skill level 5 in Unarmed Combat
  6116 | D:6      | Learned a level 4 spell: Ice Form
  6196 | D:6      | Reached skill level 5 in Dodging
  6271 | D:6      | Found Jinweleq's Elemental Accessories.
  6598 | D:6      | Reached XP level 8. HP: 54/54 MP: 11/11
  7037 | D:7      | Noticed Pikel
  7466 | D:7      | Slain by Pikel

Illustrated notes

Levels and vault maps discovered:
D:1:      mrwooster_arrival_statue_2, layout_loops_ring,
          chequers_ecumenical_altar_twisty
D:2:      layout_basic, basic_altar, minmay_goblin_outpost
D:3:      layout_basic, minmay_liquid_box
D:4:      layout_loops_ring, serial_bayou, serial_bayou_shore_b,
          serial_bayou_lake_a, serial_bayou_pond_e, serial_bayou_pond_a,
          minmay_misc_feat_alley, uniq_grinder
D:5:      layout_gridville, grunt_temple_overflow_open, serial_rivers,
          chequers_serial_rivers_small_b, chequers_serial_rivers_marsh,
          chequers_serial_rivers_micro_b, chequers_serial_rivers_small_3,
          chequers_serial_rivers_small_a, chequers_serial_rivers_small_b,
          chequers_serial_rivers_micro_a
D:6:      layout_loops_ring, nicolae_elemental_shop, kennysheep_potato
D:7:      layout_loops_ring, minmay_temple_entry_butterflies, serial_glass,
          glass_columns_a, glass_columns_a, feat_on_display, item_on_display_a,
          due_unseen_surprise, uniq_pikel

Skill      XL: |  1  2  3  4  5  6  7 |
---------------+----------------------+-----
Stealth        | 1 2 |  2.0
Poison Magic   | 1 2 |  2.0
Fighting       | 2 3 4 |  4.9
Dodging        | 3 4 5 |  5.2
Unarmed Combat | 4 5 |  5.6
Spellcasting   | |  2.0
Transmutations | |  2.1
Ice Magic      | |  0.3

Action                   |  1- 3 |  4- 6 |  7- 9 || total
-------------------------+-------+-------+-------++-------
Melee: Unarmed           |    78 |   120 |    85 ||   283
       Kick              |    17 |    30 |     9 ||    56
       Constrict         |    19 |    26 |     7 ||    52
       Tentacles         |    11 |    19 |     8 ||    38
       Punch             |     1 |     3 |     1 ||     5
 Cast: Beastly Appendage |    28 |    36 |    10 ||    74
       Wereblood         |     2 |     2 |       ||     4
       Spider Form       |       |     1 |     9 ||    10
Evoke: Wand              |       |       |     3 ||     3
  Use: Potion            |       |     1 |       ||     1
       Scroll            |       |       |     9 ||     9
 Stab: Sleeping          |     7 |     8 |     1 ||    16
Armor: Skin              |     9 |    31 |     1 ||    41
Dodge: Dodged            |    43 |    67 |    63 ||   173

Table legend: (Time is in decaauts)
 A = Elapsed time spent in this place.
 B = Non-inter-level travel time spent in this place.
 C = Inter-level travel time spent in this place.
 D = Time resting spent in this place.
 E = Time spent auto-exploring this place.
 F = Levels seen in this place.
 G = Mean time per level.
                   A        B        C        D        E       F      G
               +--------+--------+--------+--------+--------+-----+--------+
         Total |   7444 |   7240 |    204 |    479 |   5845 |   7 | 1063.4 |
       Dungeon |   7444 |   7240 |    204 |    479 |   5845 |   7 | 1063.4 |
               +--------+--------+--------+--------+--------+-----+--------+

Top non-repeatable levels by time:
     D:6: 1468 daAuts
     D:1: 1342 daAuts
     D:5: 1190 daAuts
     D:2: 1187 daAuts
     D:3: 1016 daAuts
     D:4: 1011 daAuts
     D:7: 227 daAuts
